 Dungeon Crawl Stone Soup version 0.30.0-19-g36f170ea60 (webtiles) character file.

Game seed: 12800234450411266577

1610 Bnni the Geomancer (level 9, -4/68 HPs)
             Began as a Formicid Earth Elementalist on June 1, 2023.
             Was an Initiate of Cheibriados.
             Slain by a manticore (19 damage)
             ... on level 6 of the Dungeon.
             The game lasted 00:08:28 (6038 turns).

Bnni the Geomancer (Formicid Earth Elementalist)    Turns: 6038, Time: 00:08:29

Health: -4/68      AC:  5    Str: 14    XL:     9   Next: 16%
Magic:  10/16      EV: 12    Int: 20    God:    Cheibriados [......]
Gold:   440        SH:  0    Dex: 21    Spells: 8/18 levels left

rFire   . . .        C - +2 whip (venom)
rCold   . . .        (no shield)
rNeg    . . .        d - +0 leather armour
rPois   .            (helmet unavailable)
rElec   .            y - +0 cloak
rCorr   .            f - +0 pair of gloves
SInv    +            (no boots)
Will    .....        (no amulet)
Stlth   ++           a - +6 ring of dexterity
HPRegen 0.31/turn    (no ring)
MPRegen 0.15/turn

%: no passive effects
@: brilliant, very slow
A: permanent stasis, dig shafts and tunnels, antennae 3, four strong arms
a: Dig, Shaft Self, Renounce Religion


You were on level 6 of the Dungeon.
You worshipped Cheibriados.
Cheibriados was noncommittal.
You visited 2 branches of the dungeon, and saw 7 of its levels.

You collected 440 gold pieces.

Inventory:

Hand Weapons
 C - a +2 whip of venom (weapon)
Missiles
 w - 4 poisoned darts
Armour
 d - a +0 leather armour (worn)
 f - a +0 pair of gloves (worn)
 r - a +0 plate armour
 u - a +0 chain mail
 y - a +0 cloak (worn)
Jewellery
 a - a +6 ring of dexterity (left hand)
Wands
 A - a wand of iceblast (7)
Scrolls
 e - a scroll of torment {unknown}
 g - 2 scrolls of teleportation {unknown}
 i - 2 scrolls of poison {unknown}
 l - a scroll of summoning {unknown}
 m - 2 scrolls of magic mapping {unknown}
 q - 2 scrolls of enchant weapon
 s - a scroll of amnesia {unknown}
 t - a scroll of noise {unknown}
 v - 3 scrolls of immolation {unknown}
 x - a scroll of blinking {unknown}
Potions
 b - a potion of magic
 c - a potion of flight
 h - a potion of ambrosia {unknown}
 k - a potion of might {unknown}
 n - a potion of haste {unknown}
 p - 2 potions of resistance
 z - a potion of heal wounds {unknown}
 B - a potion of mutation {unknown}


   Skills:
 + Level 5.0 Fighting
 - Level 1.7 Dodging
 - Level 2.4 Stealth
 + Level 5.1 Spellcasting
 - Level 3.0 Conjurations
 - Level 3.0 Transmutations
 * Level 8.8 Earth Magic
 * Level 3.5 Invocations


You had 8 spell levels left.
You knew the following spells:

 Your Spells              Type           Power      Damage    Failure   Level
a - Sandblast             Erth           100%       2d20      1%          1
b - Passwall              Tmut/Erth      35%        N/A       1%          2
c - Stone Arrow           Conj/Erth      86%        3d12      3%          3
d - Petrify               Tmut/Erth      43%        N/A       13%         4

Your spell library contained the following spells:

 Spells                   Type           Power      Damage    Failure   Level
 Magic Dart               Conj           100%       1d8       4%          1
 Searing Ray              Conj           50%        2d6       6%          2
 Sting                    Tmut/Pois      64%        1d6       8%          1
 Poisonous Vapours        Pois/Air       14%        N/A       22%         2
 Spider Form              Tmut/Pois      16%        N/A       24%         3
 Inner Flame              Hex/Fire       7%         N/A       41%         3
 Portal Projectile        Hex/Tloc       14%        N/A       41%         3
 Tukima's Dance           Hex            7%         N/A       41%         3
 Fulminant Prism          Conj/Hex       8%         3d7       61%         4
 Blade Hands              Tmut           12%        N/A       75%         5
 Animate Dead             Necr           7%         N/A       82%         4
 Olgreb's Toxic Radiance  Pois           7%         N/A       82%         4
 Haunt                    Necr/Summ      3%         N/A       100%        7
 Infestation              Necr           3%         N/A       100%        8
 Fire Storm               Conj/Fire      8%         8d2       100%        9


Dungeon Overview and Level Annotations

Branches:
Dungeon (6/15)             Temple (1/1) D:6

Altars:
Ashenzari
Cheibriados
Dithmenos
Fedhas
Gozag
Hepliaklqana
Kikubaaqudgha
Nemelex Xobeh
Okawaru
Trog
Uskayaw
Vehumet
Wu Jian
Yredelemnul
Zin

Shops:
D:5 *


Innate Abilities, Weirdness & Mutations

You cannot be hasted, slowed, berserked, paralysed or teleported.
You can dig through walls and to a lower floor.
You have a pair of large antennae on your head. (SInv)
Your four strong arms can wield two-handed weapons with a shield.


Message History

Casting: Stone Arrow (dangerous; 4% risk of failure)
Confirm with . or Enter, or press ? or * to list all spells.
Aiming: Stone Arrow (dangerous; 4% risk of failure)
Press: ? - help, Shift-Dir - straight line, f/p - wraith
Aim: a wraith (heavily damaged, 76% to hit)
You feel a surge of power!
The stone arrow hits the wraith!
You destroy the wraith!
Cheibriados appreciates the change of pace.
Your Fighting skill increases to level 5!
You start resting.
A manticore comes into view.
Casting: Stone Arrow (dangerous; 3% risk of failure)
Confirm with . or Enter, or press ? or * to list all spells.
Aiming: Stone Arrow (dangerous; 3% risk of failure)
Press: ? - help, Shift-Dir - straight line, f - manticore
Aim: a manticore (wandering, hasn't noticed you, 85% to hit)
You feel a surge of power!
The stone arrow hits the manticore!!
The manticore is heavily wounded.
The manticore misses you. The manticore claws you.
The manticore closely misses you.
Casting: Stone Arrow (dangerous; 3% risk of failure)
Confirm with . or Enter, or press ? or * to list all spells.
Aiming: Stone Arrow (dangerous; 3% risk of failure)
Press: ? - help, Shift-Dir - straight line, f/p - manticore
Aim: a manticore (heavily wounded, 85% to hit)
You feel a surge of power!
The stone arrow misses the manticore.
The manticore bites you!
* * * LOW HITPOINT WARNING * * *
The manticore claws you.
* * * LOW HITPOINT WARNING * * *
The manticore barely misses you.
Casting: Stone Arrow (dangerous; 3% risk of failure)
Confirm with . or Enter, or press ? or * to list all spells.
Aiming: Stone Arrow (dangerous; 3% risk of failure)
Press: ? - help, Shift-Dir - straight line, f/p - manticore
Aim: a manticore (heavily wounded, 85% to hit)
You feel a surge of power!
The stone arrow hits the manticore.
The manticore is heavily wounded.
The manticore bites you!!
You die...

#<# ########..###
#.# #..# #.### #..#
....# #..# .##.#
#..# .##.# ## #..#
....# ?# ###..#
....#############H#
##....#
................@#
#....##
.##.#.###########.#
##.### .##...#####
.# #.# ....###...##
#. #.#
....##.....##### ##
#.#
...............###.#
#.#
.#####.....#.......#
#.#
....###...####.#####
#.# ###.# ##.## #.#
#.######


You could see a manticore.

Vanquished Creatures
  An ugly thing (D:6)
  A wraith (D:6)
  A water moccasin (D:5)
  A black bear (D:6)
  2 ogres (D:5)
  A centaur (D:6)
  A phantom (D:6)
  2 scorpions (D:5)
  A jelly (D:5)
  A gnoll bouda (D:6)
  3 hounds
  An orc priest (D:5)
  Crazy Yiuf (D:5)
  An orc wizard (D:5)
  12 gnolls
  2 adders
  A worm (D:2)
  3 dart slugs
  5 orcs
  9 ball pythons
  2 endoplasms
  6 goblins
  8 hobgoblins
  7 kobolds
  6 quokkas
  15 bats
  4 frilled lizards
  4 rats
102 creatures vanquished.

Notes
Turn   | Place    | Note
-------+----------+-------------------------------------------
     0 | D:1      | Bnni the Formicid Earth Elementalist began the quest for
                  | the Orb.
     0 | D:1      | Reached XP level 1. HP: 13/13 MP: 3/3
   120 | D:1      | Reached XP level 2. HP: 13/20 MP: 1/5
   182 | D:1      | Learned a level 2 spell: Passwall
   288 | D:1      | Reached skill level 4 in Earth Magic
   406 | D:1      | Reached skill level 1 in Fighting
   406 | D:1      | Reached XP level 3. HP: 26/26 MP: 3/6
   957 | D:1      | Reached XP level 4. HP: 32/32 MP: 1/8
  2366 | D:3      | Learned a level 3 spell: Stone Arrow
  2695 | D:3      | Reached XP level 5. HP: 38/38 MP: 7/9
  3201 | D:4      | Found a large runed translucent door.
  3202 | D:4      | Found a large runed translucent door.
  3405 | D:4      | Reached skill level 5 in Earth Magic
  4344 | D:4      | Found a broken altar of Ashenzari.
  4357 | D:4      | Found a radiant altar of Vehumet.
  4451 | D:5      | Entered Level 5 of the Dungeon
  4451 | D:5      | Found Nes Wujail's Assorted Antiques.
  4475 | D:5      | Learned a level 4 spell: Petrify
  4489 | D:5      | Reached XP level 6. HP: 45/45 MP: 8/10
  4587 | D:5      | Found an ancient bone altar of Kikubaaqudgha.
  4588 | D:5      | Found a blossoming altar of Fedhas.
  4679 | D:5      | Reached skill level 6 in Earth Magic
  4697 | D:5      | Noticed an ogre
  4699 | D:5      | Noticed a water moccasin
  4702 | D:5      | Killed an ogre
  4703 | D:5      | Reached skill level 1 in Conjurations
  4703 | D:5      | Reached XP level 7. HP: 52/52 MP: 8/12
  4706 | D:5      | Killed a water moccasin
  4816 | D:5      | Found a runed translucent door.
  4817 | D:5      | Noticed Crazy Yiuf
  4916 | D:5      | Reached skill level 7 in Earth Magic
  5029 | D:5      | Reached XP level 8. HP: 33/60 MP: 9/14
  5279 | D:5      | Killed Crazy Yiuf
  5374 | D:6      | Got the Vellum of Torrid Sculpting
  5786 | D:6      | Found a staircase to the Ecumenical Temple.
  5797 | D:6      | Reached skill level 8 in Earth Magic
  5798 | Temple   | Entered the Ecumenical Temple
  5854 | Temple   | Became a worshipper of Cheibriados the Contemplative
  5990 | D:6      | Noticed a purple ugly thing
  5996 | D:6      | Killed a purple ugly thing
  5996 | D:6      | Noticed a wraith
  5997 | D:6      | Reached skill level 5 in Spellcasting
  5997 | D:6      | Reached XP level 9. HP: 24/67 MP: 5/16
  5999 | D:6      | HP: 3/67 [wraith (10)]
  6004 | D:6      | Reached skill level 5 in Fighting
  6035 | D:6      | Noticed a manticore
  6038 | D:6      | Slain by a manticore

Illustrated notes

Levels and vault maps discovered:
D:1:      lemuel_arrival_hallway, layout_loops_ring
D:2:      layout_basic, serial_bayou_ford_a, minmay_tetromino_i2
D:3:      layout_loops_ring
D:4:      layout_basic, jmf_multi_god_temple2
D:5:      layout_basic, grunt_temple_overflow_growth_and_decay, serial_shops,
          nicolae_shop_tiny_statue_garden, cheibrodos_gnoll_hut,
          uniq_crazy_yiuf_cottage
D:6:      minmay_cornered_nines, layout_loops_ring, xom_butterflies,
          minmay_temple_entry_stoned_glass, portal_sewer_entry_a,
          minmay_door_square
Temple:   jpeg_temple_clearing

Skill      XL: |  1  2  3  4  5  6  7  8  9 |
---------------+----------------------------+-----
Earth Magic    | 4 5 6 7 8 |  8.8
Fighting       | 1 2 3 4 5 |  5.0
Transmutations | 2 3 |  3.0
Spellcasting   | 3 4 5 |  5.1
Conjurations   | 1 2 3 |  3.0
Invocations    | 3 |  3.5
Dodging        | |  1.7
Stealth        | |  2.4

Action                     |  1- 3 |  4- 6 |  7- 9 || total
---------------------------+-------+-------+-------++-------
  Melee: Unarmed           |     2 |       |       ||     2
         Whip              |       |       |     3 ||     3
  Throw: Dart              |       |       |     1 ||     1
   Cast: Sandblast         |    33 |    83 |    45 ||   161
         Stone Arrow       |       |       |    12 ||    12
Ability: Dig               |       |       |     1 ||     1
    Use: Scroll            |       |     5 |     1 ||     6
         Potion            |       |       |     4 ||     4
 Armour: Leather armour    |     2 |    10 |    16 ||    28
  Dodge: Dodged            |     7 |    15 |    37 ||    59
